 Dungeon Crawl Stone Soup version 0.31-a0-1338-gb567cfdca4 (webtiles) character file.

Game seed: 5629077999358955645

206 wildpjah the Sneak (level 6, 0/33 HPs)
             Began as a Kobold Enchanter on Dec 22, 2023.
             Slain by a goblin
             ... wielding a +0 club
             ... led by Robin
              (6 damage)
             ... on level 3 of the Dungeon.
             The game lasted 00:06:27 (2633 turns).

wildpjah the Sneak (Kobold Enchanter)               Turns: 2633, Time: 00:06:27

Health: 0/33       AC:  2    Str:  5    XL:     6   Next: 10%
Magic:  4/10       EV: 16    Int: 16    God:
Gold:   91         SH:  0    Dex: 18    Spells: 2/10 levels left

rFire   . . .        i - +2 dagger (elec)
rCold   . . .        (no shield)
rNeg    . . .        b - +0 robe
rPois   .            (no helmet)
rElec   .            (no cloak)
rCorr   .            (no gloves)
SInv    .            (no boots)
Will    .....        r - amulet of the acrobat
Stlth   ++++         (no ring)
HPRegen 0.25/turn    (no ring)
MPRegen 0.12/turn

%: acrobat
@: no status effects
A: small, no large weapons, nightstalker 3
a: no special abilities


You were on level 3 of the Dungeon.
You visited 1 branch of the dungeon, and saw 3 of its levels.

You collected 91 gold pieces.

Inventory:

Hand Weapons
 a - a +1 dagger
 i - a +2 dagger of electrocution (weapon)
Missiles
 e - 4 poisoned darts
Armour
 b - a +0 robe (worn)
 q - an orb of energy
Magical Staves
 p - a staff of alchemy
Jewellery
 r - an amulet of the acrobat (around neck)
Wands
 o - a wand of iceblast (20)
 v - a wand of charming (7)
Scrolls
 d - a scroll of immolation {unknown}
 g - 2 scrolls of identify {unknown}
 h - 2 scrolls of amnesia {unknown}
 m - a scroll of poison {unknown}
 s - a scroll of enchant armour {unknown}
 t - a scroll of blinking {unknown}
 w - a scroll of fog {unknown}
 x - a scroll of vulnerability {unknown}
Potions
 c - a potion of invisibility
 f - 4 potions of curing {unknown}
 j - a potion of enlightenment {unknown}
 k - a potion of resistance {unknown}
 l - a potion of brilliance {unknown}
 n - a potion of mutation {unknown}
 u - 3 potions of lignification {unknown}


   Skills:
 + Level 0.9 Fighting
 + Level 2.7 Short Blades
 + Level 3.3 Dodging
 + Level 6.2 Stealth
 + Level 2.8 Spellcasting
 + Level 3.6 Hexes
 + Level 1.3 Ice Magic


You had 2 spell levels left.
You knew the following spells:

 Your Spells              Type           Power      Damage    Failure   Level
a - Ensorcelled Hibernat  Hex/Ice        20%        N/A       11%         2
b - Dazzling Flash        Conj/Hex       16%        N/A       26%         3
c - Confusing Touch       Hex            13%        N/A       13%         3

Your spell library contained the following spells:

 Spells                   Type           Power      Damage    Failure   Level
 Tukima's Dance           Hex            13%        N/A       13%         3


Dungeon Overview and Level Annotations

Branches:
Dungeon (3/15)

Altars:
Nemelex Xobeh

Annotations:
D:3 Grinder, Robin


Innate Abilities, Weirdness & Mutations

You are small and have problems with some larger weapons.
You are completely attuned to the shadows.


Message History

The goblins go into a battle-frenzy!
The goblin attacks as it pursues you! The goblin barely misses you.
Robin throws the goblin at you! The goblin completely misses you.
Aiming: Ensorcelled Hibernation (safe; 11% risk of failure)
Press: ? - help, Q - select action, (/) - cycle Shift-Dir - straight line, f - goblin
Aim: a goblin, wielding a +0 club (strong, chance to affect: 62%)
The goblin looks drowsy...
Robin throws the goblin at you!
The helpless goblin fails to defend itself.
You perforate the goblin like a sieve!!!
You kill the goblin!
The goblin hits you but does no damage.
Aiming: Ensorcelled Hibernation (safe; 11% risk of failure)
Press: ? - help, Q - select action, (/) - cycle Shift-Dir - straight line, f - goblin
Aim: a goblin, wielding a +0 dagger (strong, chance to affect: 62%)
The goblin resists with significant effort.
The goblin hits you with a +0 dagger. The goblin barely misses you.
The goblin misses you.
You closely miss the goblin.
Robin roars a battlecry!
The goblins go into a battle-frenzy!
The goblin hits you with a +0 dagger. The goblin hits you with a +0 club.
The goblin completely misses you.
You hear a shout!
You hit the goblin.
You kill the goblin!
Robin throws the goblin at you! The goblin hits you but does no damage.
The goblin closely misses you.
Unknown command.
The goblin attacks as it pursues you! The goblin hits you with a +0 dagger.
The goblin closely misses you. The goblin completely misses you.
You see here a +0 dagger.
Aiming: Ensorcelled Hibernation (safe; 11% risk of failure)
Press: ? - help, Q - select action, (/) - cycle Shift-Dir - straight line, f - Robin
Aim: Robin, wielding a +0 dagger, wearing a +0 animal skin and wearing a +0 helmet (chance to affect: 52%) Robin looks drowsy...
The goblin hits you with a +0 dagger. The goblin hits you with a +0 club.
* * * LOW HITPOINT WARNING * * *
The goblin hits you with a +0 club.
You die...

.####...)...........##........
.# #.###.......######.>....g.
.# #.# #.......# ........gg .#
#.# #.......## #.###.##.#. ##
#.# #....... ... .# # ###.#
#.##..####.... #
#...#.##.##..)##..........
###.###.##.....gg#g.....<..#
#...# #.#...##.#@gg.......[#
#.#####....###..#g.........#.
..###.....## ##.#........)....
......#...# #...g....).......
.....###### #..#.............
....... ##..#............
......## ...............#
......#########.#...........#
.##...................##


You could see Robin (asleep), a hobgoblin (strong) and 5 goblins.

Vanquished Creatures
  Jessica (D:3)
  Ijyb (D:3)
  Natasha (thrice) (D:2)
  2 adders (D:3)
  A worm (D:3)
  2 dart slugs
  An orc (D:3)
  2 endoplasms
  A giant cockroach (D:3)
  5 goblins
  4 hobgoblins
  10 jackals
  4 kobolds
  2 quokkas (D:1)
  3 ball pythons
  6 bats
  3 frilled lizards (D:1)
  5 rats
56 creatures vanquished.

Notes
Turn   | Place    | Note
-------+----------+-------------------------------------------
     0 | D:1      | wildpjah the Kobold Enchanter began the quest for the Orb.
     0 | D:1      | Reached XP level 1. HP: 10/10 MP: 3/3
   183 | D:1      | Reached XP level 2. HP: 9/15 MP: 5/5
   186 | D:1      | Learned a level 2 spell: Ensorcelled Hibernation
   465 | D:1      | Reached XP level 3. HP: 9/19 MP: 1/6
  1302 | D:2      | Noticed Natasha
  1304 | D:2      | Killed Natasha
  1305 | D:2      | Reached skill level 5 in Stealth
  1305 | D:2      | Reached XP level 4. HP: 24/24 MP: 7/7
  1472 | D:2      | Noticed Natasha
  1482 | D:2      | Killed Natasha
  1933 | D:3      | Noticed Ijyb
  1951 | D:3      | Killed Ijyb
  1952 | D:3      | Reached XP level 5. HP: 8/28 MP: 0/8
  2110 | D:3      | Reached skill level 1 in Ice Magic
  2132 | D:3      | Found a sparkling altar of Nemelex Xobeh.
  2200 | D:3      | Noticed Grinder
  2236 | D:2      | Noticed Natasha
  2248 | D:2      | HP: 1/28 [Natasha (5)]
  2249 | D:2      | Killed Natasha
  2450 | D:3      | Noticed Jessica
  2457 | D:3      | Killed Jessica
  2458 | D:3      | Reached skill level 6 in Stealth
  2458 | D:3      | Reached XP level 6. HP: 33/33 MP: 5/10
  2571 | D:3      | Learned a level 3 spell: Dazzling Flash
  2575 | D:3      | Learned a level 3 spell: Confusing Touch
  2622 | D:3      | Noticed Robin
  2633 | D:3      | Slain by a goblin

Illustrated notes

Levels and vault maps discovered:
D:1:      ncdulo_smallfort, layout_rooms
D:2:      layout_basic, uniq_natasha
D:3:      layout_rooms, nemelex_xobeh_ov_fountains_minmay, uniq_ijyb,
          uniq_robin, uniq_jessica, uniq_grinder

Skill      XL: |  1  2  3  4  5 |
---------------+----------------+-----
Dodging        | 3 |  3.3
Short Blades   | 2 |  2.7
Stealth        | 5 6 |  6.2
Ice Magic      | 1 |  1.3
Fighting       | |  0.9
Spellcasting   | |  2.8
Hexes          | |  3.6

Action                     |  1- 3 |  4- 6 || total
---------------------------+-------+-------++-------
  Melee: Dagger            |   105 |    54 ||   159
         Punch             |     2 |       ||     2
   Cast: Ensorcelled Hiber |     9 |    18 ||    27
    Use: Potion            |     1 |       ||     1
   Stab: Sleeping          |    15 |    15 ||    30
         Invisible         |     3 |       ||     3
 Armour: Robe              |    37 |    32 ||    69
  Dodge: Dodged            |   104 |    55 ||   159

Table legend: (Time is in decaauts)
 A = Elapsed time spent in this place.
 B = Non-inter-level travel time spent in this place.
 C = Inter-level travel time spent in this place.
 D = Time resting spent in this place.
 E = Time spent auto-exploring this place.
 F = Levels seen in this place.
 G = Mean time per level.
                   A        B        C        D        E       F      G
               +--------+--------+--------+--------+--------+-----+--------+
         Total |   2635 |   2568 |     67 |      0 |   2088 |   3 |  878.3 |
       Dungeon |   2635 |   2568 |     67 |      0 |   2088 |   3 |  878.3 |
               +--------+--------+--------+--------+--------+-----+--------+

Top non-repeatable levels by time:
     D:2: 1274 daAuts
     D:1: 783 daAuts
     D:3: 577 daAuts
